 Dungeon Crawl Stone Soup version 0.19.3-1-g3169bf9 (webtiles) character file.

4530 empire the Blocker (level 10, -2/89 (90) HPs)
             Began as a Minotaur Fighter on Jan 25, 2017.
             Was a Believer of Nemelex Xobeh.
             Slain by a wolf (8 damage)
             ... on level 1 of the Lair of Beasts on Jan 26, 2017.
             The game lasted 00:17:49 (6676 turns).

empire the Blocker (Minotaur Fighter)               Turns: 6676, Time: 00:17:51

HP:   -2/89 (90)    AC: 12    Str: 22    XL:     10   Next: 17%
MP:   12/12         EV:  8    Int:  5    God:    Nemelex Xobeh [**....]
Gold: 434           SH: 12    Dex: 15    Spells: 0 memorised, 9 levels left

rFire  + . .     SeeInvis .     a - +0 long sword
rCold  . . .     Gourm    .     b - +0 scale mail
rNeg   . . .     Faith    .     c - +0 shield
rPois  .         Spirit   .     (helmet restricted)
rElec  .         Reflect  .     (no cloak)
rCorr  .         Harm     .     l - +0 pair of gloves
MR     .....                    W - +1 pair of boots
Stlth  ..........               r - amulet of magic regeneration
                                U - ring of protection from fire
                                N - +3 ring of dexterity

@: invisible
A: retaliatory headbutt, horns 2
a: Renounce Religion


You were on level 1 of the Lair of Beasts.
You worshipped Nemelex Xobeh.
Nemelex Xobeh was pleased with you.
You were not hungry.

You visited 3 branches of the dungeon, and saw 10 of its levels.
You also visited: Sewer.

You collected 434 gold pieces.

Inventory:

Hand Weapons
 a - a +0 long sword (weapon)
 d - a +4 short sword of freezing
 q - a +2 whip of electrocution
 x - a +3 falchion
 G - a +0 dagger of venom
 P - a +1 spear of flaming
 S - a cursed -1 short sword
 T - a +3 short sword
 X - a +0 morningstar of protection
Armour
 b - a +0 scale mail (worn)
 c - a +0 shield (worn)
 l - a +0 pair of gloves (worn)
 s - a +2 robe of positive energy
 u - a +2 robe
 w - a +3 chain mail
 y - a +0 chain mail
 V - a +0 plate armour
 W - a +1 pair of boots (worn)
Magical Staves
 F - an uncursed staff of power {unknown}
Jewellery
 r - an amulet of magic regeneration (around neck)
 N - a +3 ring of dexterity (left hand)
 U - a ring of protection from fire (right hand)
Wands
 R - a wand of random effects (48/48)
Scrolls
 h - 3 scrolls of fog
 i - 6 scrolls of remove curse
 z - 2 scrolls of amnesia
 B - a scroll of immolation
 M - a scroll of teleportation
 Q - a scroll of magic mapping
 Y - a scroll of noise
Potions
 e - a potion of brilliance
 g - 3 potions of degeneration
 k - a potion of lignification
 n - a potion of haste
 p - 3 potions of curing
 t - a potion of mutation
 v - a potion of magic {unknown}
 C - a potion of berserk rage {unknown}
 D - 2 potions of cancellation {unknown}
 E - 2 potions of flight
 J - a potion of agility
Books
 A - a book of Misfortune

   Spells                             Type                      Level
   a - Confusing Touch                Hexes                        1
   b - Confuse                        Hexes                        3
   c - Gell's Gravitas                Hexes/Translocation          3
   d - Petrify                        Transmutation/Earth          4
   e - Metabolic Englaciation         Hexes/Ice                    5
   f - Yara's Violent Unravelling     Hexes/Transmutation          5
 L - a book of Clouds

   Spells                             Type                      Level
   a - Mephitic Cloud                 Conjuration/Poison/Air       3
   b - Conjure Flame                  Conjuration/Fire             3
   c - Poisonous Cloud                Conjuration/Poison/Air       6
   d - Freezing Cloud                 Conjuration/Ice/Air          6
   e - Ring of Flames                 Charms/Fire                  7
Miscellaneous
 I - a plain deck of summoning {drawn: 11}
 Z - a plain deck of summoning
Comestibles
 f - 3 bread rations
 m - 4 fruits
 o - 3 meat rations
 K - 2 beef jerkies
 O - 21 chunks of flesh


   Skills:
 + Level 8.8 Fighting
 + Level 8.4 Long Blades
 + Level 9.0 Armour
 + Level 9.2 Shields
 - Level 4.0 Invocations
 + Level 3.6 Evocations


You had 9 spell levels left.
You didn't know any spells.

Dungeon Overview and Level Annotations

Branches:
Dungeon (8/15)             Temple (1/1) D:5            Lair (1/6) D:8

Altars:
Ashenzari
Cheibriados
Dithmenos
Elyvilon
Fedhas
Gozag
Kikubaaqudgha
Makhleb
Nemelex Xobeh
Okawaru
Qazlal
Ru
Sif Muna
Trog
Uskayaw
Vehumet
Xom
Yredelemnul
Zin
The Shining One

Annotations:
Lair:1 Tramtrist's ghost, journeyman SpAs


Innate Abilities, Weirdness & Mutations

You reflexively headbutt those who attack you in melee.
You have a pair of horns on your head.


Message History

Tramtrist's ghost (journeyman Spriggan Assassin) comes into view.
It is wielding a weapon of venom.
Tramtrist's ghost turns its malevolent gaze towards you.
The wolf bites you!
* * * LOW HITPOINT WARNING * * *
The wolf bites you!
* * * LOW HITPOINT WARNING * * *
The wolf bites you!
* * * LOW HITPOINT WARNING * * *
The wolf bites you.
* * * LOW HITPOINT WARNING * * *
You fade into invisibility!
The wolf closely misses you.
You riposte.
You barely miss the wolf. Your headbutt misses the wolf.
The wolf is moderately wounded.
The wolf barely misses you. You furiously retaliate!
You headbutt the wolf!
You riposte.
You hit the wolf. You headbutt the wolf.
The wolf is almost dead.
The wolf bites you!
You die...
Your body glows slightly and disappears.

###############
#....hh........
#...hh@<.......
##...Wh.........
#...............
#...#######.....
#..#.# #...#
##..#h. ...# #>#
... ..# #h. ....
.. ..# ....


You could see 5 wolves and Tramtrist's ghost.

Vanquished Creatures
  Pikel (D:7)
  Grinder (D:4)
  Prince Ribbit (D:6)
  A wyvern (D:8)
  A hungry ghost (D:7)
  A water moccasin (D:7)
  Duvessa (D:5)
  Purgy (Sewer)
  An ice beast (D:6)
  A sky beast (D:3)
  A black bear (D:7)
  An orc warrior (D:8)
  3 ogres
  The ghost of Messajah the Chopper, an amateur MiFi (D:3)
  2 necrophages (D:7)
  3 centaurs
  A crocodile (D:8)
  A big kobold (D:7)
  2 scorpions
  Dowan (D:5)
  5 killer bees (D:7)
  A wight (D:7)
  A crimson imp (D:5)
  2 howler monkeys
  A bullfrog zombie (D:7)
  3 hounds
  A bullfrog skeleton (D:8)
  2 orc priests
  A jelly (D:7)
  5 orc wizards
  3 worker ants
  A mummy (D:7)
  4 gnolls (D:6)
  5 adders
  An ooze (D:5)
  An adder skeleton (D:4)
  A worm (D:3)
  3 dart slugs
  2 leopard geckos
  19 orcs
  4 giant cockroaches
  6 goblins
  6 hobgoblins
  5 jackals
  11 kobolds
  4 quokkas
  3 ball pythons
  9 bats
  5 frilled lizards
  2 jackal skeletons
  A leopard gecko zombie (D:6)
  8 rats
152 creatures vanquished.

Vanquished Creatures (collateral kills)
  5 yaks (D:8)
  A water moccasin (D:7)
  An orc warrior (D:6)
  A slave (D:7)
  A necrophage (D:7)
  An ogre (D:7)
  A centaur (D:7)
  5 wights
  A howler monkey (D:8)
  A centaur zombie (D:7)
  An orc priest (D:8)
  A hound (D:8)
  2 orc wizards (D:8)
  A worker ant (D:7)
  An adder zombie (D:7)
  5 orcs
29 creatures vanquished.

Vanquished Creatures (others)
  2 slaves (D:7)
  A scorpion (D:7)
3 creatures vanquished.

Grand Total: 184 creatures vanquished

Notes
Turn   | Place    | Note
-------+----------+-------------------------------------------
     0 | D:1      | empire the Minotaur Fighter began the quest for the Orb.
     0 | D:1      | Reached XP level 1. HP: 19/19 MP: 0/0
   329 | D:1      | Reached XP level 2. HP: 21/27 MP: 1/1
   935 | D:2      | Found a snail-covered altar of Cheibriados.
   949 | D:2      | Reached XP level 3. HP: 33/33 MP: 2/2
  1705 | D:3      | Found a glowing drain.
  1713 | Sewer    | Entered a sewer
  1769 | Sewer    | Noticed Purgy
  1784 | Sewer    | Killed Purgy
  1784 | Sewer    | Reached XP level 4. HP: 16/41 MP: 3/3
  1784 | Sewer    | Reached XP level 5. HP: 18/47 MP: 4/4
  1855 | D:3      | Noticed a sky beast
  1862 | D:3      | Reached skill level 5 in Shields
  1873 | D:3      | Killed a sky beast
  1873 | D:3      | Reached skill level 5 in Fighting
  1873 | D:3      | Reached skill level 5 in Armour
  1873 | D:3      | Reached XP level 6. HP: 17/56 MP: 5/5
  2148 | D:3      | Noticed Messajah's ghost (amateur MiFi)
  2157 | D:3      | Killed Messajah's ghost
  2226 | D:3      | Found a bloodstained altar of Trog.
  2550 | D:4      | Reached XP level 7. HP: 61/61 MP: 6/6
  2700 | D:4      | Noticed Grinder
  2719 | D:4      | Killed Grinder
  2719 | D:4      | Reached skill level 5 in Long Blades
  3221 | D:5      | Entered Level 5 of the Dungeon
  3280 | D:5      | Noticed Dowan
  3281 | D:5      | Noticed Duvessa
  3286 | D:5      | Killed Dowan
  3295 | D:5      | Killed Duvessa
  3603 | D:5      | Found a staircase to the Ecumenical Temple.
  3634 | Temple   | Entered the Ecumenical Temple
  3835 | Temple   | Became a worshipper of Nemelex Xobeh the Trickster
  3852 | D:5      | Received a gift from Nemelex Xobeh
  3874 | D:5      | Reached XP level 8. HP: 69/71 MP: 7/7
  3982 | D:5      | Reached skill level 1 in Invocations
  4618 | D:6      | Reached * piety under Nemelex Xobeh
  4641 | D:6      | Noticed Prince Ribbit
  4656 | D:6      | Killed Prince Ribbit
  5208 | D:6      | Found a shimmering altar of Xom.
  5741 | D:7      | Reached XP level 9. HP: 66/79 MP: 10/10
  5747 | D:7      | Reached skill level 1 in Evocations
  5780 | D:7      | Noticed Pikel
  5780 | D:7      | Noticed an ice devil
  5792 | D:7      | Killed Pikel
  5980 | D:7      | Received a gift from Nemelex Xobeh
  6022 | D:7      | Found a blossoming altar of Fedhas.
  6040 | D:7      | Reached ** piety under Nemelex Xobeh
  6478 | D:8      | Reached XP level 10. HP: 12/89 MP: 12/12
  6527 | D:8      | Found a staircase to the Lair.
  6657 | Lair:1   | Entered Level 1 of the Lair of Beasts
  6675 | Lair:1   | Noticed Tramtrist's ghost (journeyman SpAs)
  6676 | Lair:1   | Slain by a wolf

Skill      XL: |  1  2  3  4  5  6  7  8  9 10 |
---------------+-------------------------------+-----
Armour         | 4 5 6 7 8 9 |  9.0
Shields        | 4 5 6 7 9 |  9.2
Long Blades    | 3 4 5 7 8 |  8.4
Fighting       | 4 5 6 7 8 |  8.8
Invocations    | 3 4 |  4.0
Evocations     | 3 |  3.6

Action                   |  1- 3 |  4- 6 |  7- 9 | 10-12 || total
-------------------------+-------+-------+-------+-------++-------
Melee: Long sword        |   106 |    78 |   289 |    18 ||   491
       Headbutt          |    16 |    18 |    69 |     4 ||   107
Evoke: Deck              |       |       |    10 |     1 ||    11
  Use: Scroll            |     4 |       |    14 |       ||    18
       Potion            |       |       |     2 |     1 ||     3
  Eat: Chunk             |     2 |     4 |    13 |     1 ||    20
Armor: Scale mail        |    69 |    27 |   111 |     8 ||   215
       Skin              |       |       |     9 |       ||     9
Dodge: Dodged            |    36 |    32 |    79 |     3 ||   150
Block: Shield            |    69 |    38 |   181 |    20 ||   308
       Rpst.: Long sword |     6 |     8 |    20 |     2 ||    36
